 Dungeon Crawl Stone Soup version 0.29-a0-23-ga79f92ac9c (webtiles) character file.

Game seed: 2766936348701917426

61 Gargoyl the Skirmisher (level 4, 0/41 HPs)
             Began as a Gnoll Abyssal Knight on Jan 30, 2022.
             Was a Follower of Lugonu.
             Slain by Crazy Yiuf (8 damage)
             ... on level 2 of the Dungeon.
             The game lasted 00:02:21 (1875 turns).

Gargoyl the Skirmisher (Gnoll Abyssal Knight)       Turns: 1875, Time: 00:02:22

Health: 0/41       AC:  9    Str: 15    XL:     4   Next: 7%
Magic:  7/7        EV:  7    Int:  9    God:    Lugonu [*.....]
Gold:   74         SH:  0    Dex: 12    Spells: 5/5 levels left

rFire   . . .      SeeInvis .   a - +3 hand axe (elec)
rCold   . . .      Faith    .   (no shield)
rNeg    + . .      Spirit   .   k - +0 chain mail
rPois   .          Reflect  .   (no helmet)
rElec   .          Harm     .   (no cloak)
rCorr   .          Rampage  .   (no gloves)
Will    +....                   (no boots)
Stlth   ..........              (no amulet)
HPRegen 0.13/turn               c - ring of positive energy
MPRegen 0.10/turn               i - ring of willpower

@: confused, ambrosia-drunk
A: fangs 1, strong nose, distributed training
a: Renounce Religion, Depart the Abyss


You were on level 2 of the Dungeon.
You worshipped Lugonu.
Lugonu was aware of your devotion.
You visited 1 branch of the dungeon, and saw 2 of its levels.
You visited the Abyss 1 time.

You collected 74 gold pieces.

Inventory:

Hand Weapons
 a - a +3 hand axe of electrocution (weapon)
Armour
 k - a +0 chain mail (worn)
Jewellery
 c - a ring of positive energy (left hand)
 i - a ring of willpower (right hand)
Scrolls
 d - a scroll of teleportation
 g - a scroll of torment {unknown}
 j - a scroll of amnesia {unknown}
Potions
 f - a potion of mutation {unknown}
 h - a potion of curing {unknown}


   Skills:
 + Level 6.5 Fighting
 + Level 1.0 Short Blades
 + Level 1.0 Long Blades
 + Level 4.6 Axes
 + Level 1.0 Maces & Flails
 + Level 1.0 Polearms
 + Level 1.0 Staves
 + Level 1.0 Slings
 + Level 1.0 Bows
 + Level 1.0 Crossbows
 + Level 1.0 Throwing
 + Level 4.6 Armour
 + Level 2.7 Dodging
 + Level 1.0 Stealth
 + Level 1.0 Shields
 + Level 1.0 Unarmed Combat
 + Level 1.0 Spellcasting
 + Level 0.7 Conjurations
 + Level 0.7 Hexes
 + Level 0.7 Summonings
 + Level 0.7 Necromancy
 + Level 0.7 Translocations
 + Level 0.7 Transmutations
 + Level 0.7 Fire Magic
 + Level 0.7 Ice Magic
 + Level 0.7 Air Magic
 + Level 0.7 Earth Magic
 + Level 0.7 Poison Magic
 + Level 4.6 Invocations
 + Level 1.0 Evocations


You had 5 spell levels left.
You didn't know any spells.
Your spell library contained the following spells:

 Spells                   Type           Power      Damage    Failure   Level
 Sublimation of Blood     Necr           1%         N/A       100%        2
 Wereblood                Tmut           1%         N/A       100%        2
 Fireball                 Conj/Fire      0%         3d3       100%        5
 Dispersal                Tloc           0%         N/A       100%        6
 Starburst                Conj/Fire      0%         6d3       100%        6
 Summon Hydra             Summ           0%         N/A       100%        7
 Disjunction              Tloc           0%         N/A       100%        8
 Ignition                 Fire           0%         3d3       100%        8


Dungeon Overview and Level Annotations

Branches:
Dungeon (2/15)

Altars:

Annotations:
D:2 Crazy Yiuf


Innate Abilities, Weirdness & Mutations

You have very sharp teeth.
Your uncanny sense of smell can sniff out nearby items.
Your experience applies equally to all skills.


Message History

Key pressed, stopping explore.
There is an escape hatch in the floor here.
Crazy Yiuf shouts!
Could not explore, unopened runed door.
You open the door. You hit Crazy Yiuf. You bite Crazy Yiuf, but do no damage.
Crazy Yiuf is moderately wounded.
Crazy Yiuf hits you with a +4 quarterstaff of chaos!
Crazy Yiuf burns you.
Crazy Yiuf whimpers, "Action mumblescurry bag!"
Crazy Yiuf hits you with a +4 quarterstaff of chaos!
Crazy Yiuf freezes you.
You hit Crazy Yiuf.
Crazy Yiuf is heavily wounded.
Crazy Yiuf says, "Citrus bush rumpyflump!"
Crazy Yiuf hits you with a +4 quarterstaff of chaos!
Crazy Yiuf burns you.
* * * LOW HITPOINT WARNING * * *
Unknown command.
It was a potion of ambrosia.
You are confused.
You feel invigorated.
Crazy Yiuf hits you with a +4 quarterstaff of chaos!
* * * LOW HITPOINT WARNING * * *
You resist with almost no effort.
Unknown command.
You bump into the tree.
Crazy Yiuf hits you with a +4 quarterstaff of chaos!
* * * LOW HITPOINT WARNING * * *
Unknown command.
You completely miss Crazy Yiuf.
Crazy Yiuf is heavily wounded.
Crazy Yiuf hits you with a +4 quarterstaff of chaos.
* * * LOW HITPOINT WARNING * * *
Crazy Yiuf burns you.
* * * LOW HITPOINT WARNING * * *
You hit Crazy Yiuf.
Crazy Yiuf is almost dead.
Crazy Yiuf hits you with a +4 quarterstaff of chaos!
You die...

#.# ##..#....#..#
#.# #..........##
#.# #####....###
# #.# #....# #
#.# #....# #
#.###♣♣♣♣♣
#....#####
#.#..P.♣.♣♣♣ ###
##...#....
#.......♣..♣#...#
#####.###
#....PP♣♣♣♣@g...#
#####..# ##....♣♣
♣♣#..)# #.....##
####♣♣ ###
#######


You could see Crazy Yiuf.

Vanquished Creatures
  A gnoll (D:1)
  4 worms (D:2)
  2 dart slugs
  3 bats
  An endoplasm (D:2)
  2 giant cockroaches (D:2)
  2 hobgoblins (D:1)
  2 quokkas (D:2)
  3 ball pythons (D:1)
  2 frilled lizards (D:2)
  6 goblins
  4 kobolds (D:2)
  5 rats
37 creatures vanquished.

Notes
Turn   | Place    | Note
-------+----------+-------------------------------------------
     0 | Abyss:1  | Gargoyl the Gnoll Abyssal Knight began the quest for the
                  | Orb.
     0 | Abyss:1  | Reached XP level 1. HP: 23/23 MP: 3/3
     0 | D:1      | Escaped the Abyss
   196 | D:1      | Reached XP level 2. HP: 23/29 MP: 5/5
   353 | D:1      | Reached * piety under Lugonu
   494 | D:1      | Found a faded altar of an unknown god.
   753 | D:1      | Reached XP level 3. HP: 35/35 MP: 6/6
  1594 | D:2      | Reached skill level 1 in Short Blades
  1594 | D:2      | Reached skill level 1 in Long Blades
  1594 | D:2      | Reached skill level 1 in Maces & Flails
  1594 | D:2      | Reached skill level 1 in Polearms
  1594 | D:2      | Reached skill level 1 in Staves
  1594 | D:2      | Reached skill level 1 in Slings
  1594 | D:2      | Reached skill level 1 in Bows
  1594 | D:2      | Reached skill level 1 in Crossbows
  1594 | D:2      | Reached skill level 1 in Throwing
  1594 | D:2      | Reached skill level 1 in Stealth
  1594 | D:2      | Reached skill level 1 in Shields
  1594 | D:2      | Reached skill level 1 in Unarmed Combat
  1594 | D:2      | Reached skill level 1 in Spellcasting
  1594 | D:2      | Reached skill level 1 in Evocations
  1602 | D:2      | Reached XP level 4. HP: 34/41 MP: 7/7
  1737 | D:2      | Found a runed translucent door.
  1738 | D:2      | Noticed Crazy Yiuf
  1873 | D:2      | HP: 2/41 [Crazy Yiuf (8)]
  1875 | D:2      | Slain by Crazy Yiuf

Illustrated notes

Levels and vault maps discovered:
D:1:      co_arrival_square_in_a_square_in_a_square, layout_basic,
          chequers_ecumenical_altar_simple_redux
D:2:      layout_rooms, minmay_pentomino_q2, uniq_crazy_yiuf_cottage

Skill      XL: |  1  2  3 |
---------------+----------+-----
Short Blades   | 1 |  1.0
Long Blades    | 1 |  1.0
Maces & Flails | 1 |  1.0
Polearms       | 1 |  1.0
Staves         | 1 |  1.0
Slings         | 1 |  1.0
Bows           | 1 |  1.0
Crossbows      | 1 |  1.0
Throwing       | 1 |  1.0
Stealth        | 1 |  1.0
Shields        | 1 |  1.0
Unarmed Combat | 1 |  1.0
Spellcasting   | 1 |  1.0
Evocations     | 1 |  1.0
Fighting       | |  6.5
Axes           | |  4.6
Armour         | |  4.6
Dodging        | |  2.7
Conjurations   | |  0.7
Hexes          | |  0.7
Summonings     | |  0.7
Necromancy     | |  0.7
Translocations | |  0.7
Transmutations | |  0.7
Fire Magic     | |  0.7
Ice Magic      | |  0.7
Air Magic      | |  0.7
Earth Magic    | |  0.7
Poison Magic   | |  0.7
Invocations    | |  4.6

Action                   |  1- 3 |  4- 6 || total
-------------------------+-------+-------++-------
Melee: Hand axe          |    88 |     7 ||    95
       Bite              |    10 |     2 ||    12
       Punch             |     1 |       ||     1
Invok: Depart the Abyss  |     1 |       ||     1
  Use: Scroll            |     4 |       ||     4
       Potion            |       |     1 ||     1
 Stab: Sleeping          |     2 |       ||     2
Armor: Leather armour    |    17 |       ||    17
       Chain mail        |       |     2 ||     2
Dodge: Dodged            |    55 |       ||    55

Table legend: (Time is in decaauts)
 A = Elapsed time spent in this place.
 B = Non-inter-level travel time spent in this place.
 C = Inter-level travel time spent in this place.
 D = Time resting spent in this place.
 E = Time spent auto-exploring this place.
 F = Levels seen in this place.
 G = Mean time per level.
                   A        B        C        D        E       F      G
               +--------+--------+--------+--------+--------+-----+--------+
         Total |   1881 |   1859 |     22 |      0 |   1534 |   3 |  627.0 |
       Dungeon |   1881 |   1859 |     22 |      0 |   1534 |   2 |  940.5 |
         Abyss |      0 |      0 |      0 |      0 |      0 |   1 |    0.0 |
               +--------+--------+--------+--------+--------+-----+--------+

Top non-repeatable levels by time:
     D:1: 1018 daAuts
     D:2: 862 daAuts
